 Dungeon Crawl Stone Soup version 0.29.0-7-g18a832c13a (webtiles) character file.

Game seed: 13074017809227682479

122 Kahsius the Ruffian (level 4, -5/42 HPs)
             Began as a Troll Transmuter on Aug 30, 2022.
             Slain by a gnoll
             ... wielding a +0 spear
              (7 damage)
             ... on level 4 of the Dungeon.
             The game lasted 00:05:05 (2218 turns).

Kahsius the Ruffian (Troll Transmuter)              Turns: 2218, Time: 00:05:06

Health: -5/42      AC:  4    Str: 18    XL:     4   Next: 78%
Magic:  5/5        EV: 10    Int: 11    God:
Gold:   214        SH:  0    Dex: 16    Spells: 3/6 levels left

rFire   . . .      SeeInvis .     - Unarmed
rCold   . . .      Faith    .   (no shield)
rNeg    . . .      Spirit   .   a - +0 robe
rPois   .          Reflect  .   (helmet restricted)
rElec   .          Harm     .   (no cloak)
rCorr   .          Rampage  .   (gloves unavailable)
Will    .....                   (boots unavailable)
Stlth   +.........              o - amulet of the acrobat
HPRegen 0.94/turn               p - +6 ring of dexterity
MPRegen 0.09/turn               (no ring)

@: no status effects
A: large, unfitting armour, claws 3, regeneration 1, shaggy fur 1, tough skin 1,
mutation resistance 1
a: no special abilities


You were on level 4 of the Dungeon.
You visited 1 branch of the dungeon, and saw 4 of its levels.

You collected 214 gold pieces.

Inventory:

Armour
 a - a +0 robe (worn)
Jewellery
 o - an amulet of the acrobat (around neck)
 p - a +6 ring of dexterity (left claw)
 u - a ring of wizardry
Wands
 m - a wand of charming (9)
Scrolls
 c - 4 scrolls of brand weapon {unknown}
 d - 2 scrolls of magic mapping {unknown}
 e - 2 scrolls of immolation {unknown}
 f - 3 scrolls of identify {unknown}
 g - a scroll of enchant armour {unknown}
 j - a scroll of blinking {unknown}
 k - a scroll of butterflies {unknown}
 t - a scroll of noise {unknown}
Potions
 b - 5 potions of lignification
 i - a potion of berserk rage {unknown}
 l - a potion of invisibility {unknown}
 n - a potion of haste {unknown}
 q - a potion of magic {unknown}
 r - a potion of flight {unknown}
 s - a potion of brilliance {unknown}


   Skills:
 + Level 1.7 Fighting
 + Level 2.2 Dodging
 + Level 3.6 Unarmed Combat
 + Level 1.8 Spellcasting
 + Level 2.0 Transmutations


You had 3 spell levels left.
You knew the following spells:

 Your Spells              Type           Power      Damage    Failure   Level
a - Beastly Appendage     Tmut           10%        N/A       13%         1
b - Wereblood             Tmut           5%         N/A       19%         2

Your spell library contained the following spells:

 Spells                   Type           Power      Damage    Failure   Level
 Summon Small Mammal      Summ           0%         N/A       30%         1
 Spider Form              Tmut/Pois      3%         N/A       52%         3
 Call Canine Familiar     Summ           0%         N/A       65%         3
 Gell's Gravitas          Tloc           0%         N/A       65%         3
 Summon Guardian Golem    Hex/Summ       0%         N/A       65%         3
 Teleport Other           Tloc           0%         N/A       65%         3
 Ice Form                 Ice/Tmut       3%         N/A       89%         4
 Dispersal                Tloc           0%         N/A       100%        6


Dungeon Overview and Level Annotations

Branches:
Dungeon (4/15)
 Temple: D:4-7

Altars:
Fedhas

Annotations:
D:4 3 runed translucent doors, WhatIsLove's ghost, amateur DrTm; sanka's ghost, amateur DrMo; sanka's ghost, amateur TrCA


Innate Abilities, Weirdness & Mutations

You are too large for most types of armour.
You have claws for hands.
Your natural rate of healing is unusually fast.
You are covered in fur. (AC +1)
You have tough skin. (AC +1)
You are somewhat resistant to further mutation.


Message History

The gnoll hits you from afar with a +0 spear.
* * * LOW HITPOINT WARNING * * *
The gnoll completely misses you.
Okay, then.
Your primal bloodlust is almost over.
The gnoll attacks as you move away! The gnoll hits you with a +0 club.
* * * LOW HITPOINT WARNING * * *
The gnoll attacks as you move away! The gnoll hits you with a +0 club!
* * * LOW HITPOINT WARNING * * *
The gnoll attacks as you move away! The gnoll completely misses you.
Your primal bloodlust has ended.
The gnoll attacks as you move away! The gnoll hits you with a +0 club.
* * * LOW HITPOINT WARNING * * *
The gnoll attacks as you move away! The gnoll completely misses you.
The gnoll attacks as you move away! The gnoll completely misses you.
The gnoll attacks as you move away! The gnoll misses you.
It was a potion of curing.
You feel better.
The gnoll hits you from afar with a +0 spear.
The gnoll closely misses you.
You completely miss the gnoll.
The gnoll is severely wounded.
The gnoll hits you but does no damage. The gnoll hits you with a +0 club.
The gnoll misses you.
You barely miss the gnoll.
The gnoll is severely wounded.
The gnoll hits you from afar with a +0 spear.
* * * LOW HITPOINT WARNING * * *
The gnoll hits you with a +0 club.
* * * LOW HITPOINT WARNING * * *
The gnoll hits you from afar with a +0 spear.
* * * LOW HITPOINT WARNING * * *
You scratch the gnoll but do no damage.
The gnoll is severely wounded.
The gnoll closely misses you.
The gnoll hits you from afar with a +0 spear.
* * * LOW HITPOINT WARNING * * *
You barely miss the gnoll.
The gnoll is severely wounded.
The gnoll hits you from afar with a +0 spear!
You die...

#...##......##............##.....
#...###.....##..#..###.....#.....
#...##..##.##...##..##.#.........
.........#..#......###.###.##.
..########.........# #..##.#
..#P⌠P.#####.......####.#..#
..#....8##.........##.#.#..##
..#.....$#........g.......#.#####
..+.)...$#......@.g.......)....#.
..+.....8#....#.g......#.........
..+.....$#...##........########.#
..#WW...[#....#..........# #.#
..#W...8##................# ...
#.#P⌠P!##................... .##.
#.######.##.................[. #
#......#.........###.........
##.............)... ...


You could see 3 gnolls.

Vanquished Creatures
  A hound (D:4)
  2 adders
  A dart slug (D:4)
  3 orcs (D:4)
  6 ball pythons
  8 endoplasms
  A giant cockroach (D:3)
  8 goblins
  5 hobgoblins
  5 jackals
  7 kobolds
  4 quokkas
  3 bats
  6 frilled lizards
  3 rats
63 creatures vanquished.

Vanquished Creatures (others)
  2 withered plants (D:4)
2 creatures vanquished.

Grand Total: 65 creatures vanquished

Notes
Turn   | Place    | Note
-------+----------+-------------------------------------------
     0 | D:1      | Kahsius the Troll Transmuter began the quest for the Orb.
     0 | D:1      | Reached XP level 1. HP: 18/18 MP: 1/1
   109 | D:1      | Reached skill level 1 in Fighting
   110 | D:1      | Reached XP level 2. HP: 22/27 MP: 3/3
   594 | D:2      | Found a faded altar of an unknown god.
   604 | D:2      | Reached XP level 3. HP: 21/33 MP: 4/4
   636 | D:2      | Learned a level 2 spell: Wereblood
  1505 | D:3      | Reached XP level 4. HP: 41/41 MP: 5/5
  1919 | D:3      | Gained mutation: You are somewhat resistant to further
                  | mutation. [potion of mutation]
  1954 | D:4      | Found a blossoming altar of Fedhas.
  2095 | D:4      | Found a runed translucent gate.
  2096 | D:4      | Found a runed translucent gate.
  2097 | D:4      | Found a runed translucent gate.
  2098 | D:4      | Noticed WhatIsLove's ghost (amateur DrTm)
  2098 | D:4      | Noticed sanka's ghost (amateur TrCA)
  2099 | D:4      | Noticed sanka's ghost (amateur DrMo)
  2204 | D:4      | HP: 2/42 [gnoll/+0 club (8)]
  2217 | D:4      | HP: 1/42 [gnoll/+0 spear (5)]
  2218 | D:4      | Slain by a gnoll

Illustrated notes

Levels and vault maps discovered:
D:1:      matt_arrival_diagonals, layout_rooms, minmay_box_of_dots
D:2:      layout_basic, hellmonk_ecumenical_altar_arch_garden, chequers_garden,
          serial_bayou_pond_d
D:3:      layout_loops_ring
D:4:      layout_cave_pools, mainiacjoe_overflow_tiny_flanked,
          gammafunk_ghost_cemetery

Skill      XL: |  1  2  3  4 |
---------------+-------------+-----
Fighting       | 1 |  1.7
Dodging        | 2 |  2.2
Transmutations | 2 |  2.0
Unarmed Combat | |  3.6
Spellcasting   | |  1.8

Action                   |  1- 3 |  4- 6 || total
-------------------------+-------+-------++-------
Melee: Unarmed           |   111 |    63 ||   174
       Kick              |     1 |       ||     1
       Headbutt          |     3 |       ||     3
       Punch             |     1 |       ||     1
 Cast: Beastly Appendage |     3 |       ||     3
       Wereblood         |       |     2 ||     2
  Use: Potion            |       |     2 ||     2
Armor: Robe              |    47 |    12 ||    59
Dodge: Dodged            |    68 |    44 ||   112
